 Dungeon Crawl Stone Soup version 0.19.5 (webtiles) character file.

8975 Reinor the Thaumaturge (level 11, -5/52 HPs)
             Began as a Spriggan Earth Elementalist on May 11, 2017.
             Was a Priest of Vehumet.
             Engulfed by a cloud of freezing vapour (15 damage)
             ... in an ice cave.
             The game lasted 00:54:36 (12799 turns).

Reinor the Thaumaturge (SpEE)                      Turns: 12799, Time: 00:54:36

Health: -5/52      AC:  7    Str:  4    XL:     11   Next: 17%
Magic:  27/27      EV: 23    Int: 21    God:    Vehumet [***...]
Gold:   662        SH:  0    Dex: 16    Spells: 8 memorised, 13 levels left

rFire  . . .     SeeInvis +     b - 60 stones
rCold  . . .     Gourm    .     I - +3 troll leather armour
rNeg   . . .     Faith    .     (shield restricted)
rPois  +         Spirit   .     (helmet restricted)
rElec  .         Reflect  .     (no cloak)
rCorr  .         Harm     .     (gloves unavailable)
MR     +....                    (boots unavailable)
Stlth  ++........               (no amulet)
                                v - ring of poison resistance (curse)
                                (no ring)

@: drained, very quick
A: unfitting armour, see invisible, herbivore 3, speed 3, slow metabolism 2
a: Renounce Religion


You were in an ice cave.
You worshipped Vehumet.
Vehumet was most pleased with you.
You were hungry.

You visited 2 branches of the dungeon, and saw 12 of its levels.
You also visited: Ossuary and Ice Cave.

You collected 662 gold pieces.

Inventory:

Hand Weapons
 q - a +2 blowgun
 B - the +10 dagger of Idainn {pierce, rN+, unknown}
   (You found it on level 8 of the Dungeon)

   It inflicts extra damage upon your enemies.
   It protects you from negative energy.
Missiles
 b - 60 stones (in hand)
 r - 22 poisoned needles
Armour
 I - a +3 troll leather armour (worn)
Magical Staves
 e - an uncursed staff of cold
 x - an uncursed staff of wizardry
Jewellery
 v - a cursed ring of poison resistance (right hand)
Wands
 p - a wand of teleportation (2/9)
Scrolls
 h - 2 scrolls of magic mapping
 l - 6 scrolls of teleportation
 E - a scroll of fog
 F - a scroll of immolation
Potions
 a - 2 potions of berserk rage
 f - 5 potions of agility
 g - 4 potions of heal wounds
 i - 2 potions of degeneration {unknown}
 k - 2 potions of curing
 m - a potion of mutation {unknown}
 o - a potion of brilliance {unknown}
 s - 2 potions of magic {unknown}
 t - 2 potions of beneficial mutation {unknown}
 u - a potion of cure mutation {unknown}
 w - 4 potions of resistance
 z - 3 potions of lignification
 A - 2 potions of invisibility
 C - 2 potions of flight
 D - a potion of cancellation {unknown}
Books
 c - a book of Beasts

   Spells                             Type                      Level
   a - Summon Butterflies             Summoning                    1
   b - Call Canine Familiar           Summoning                    3
   c - Summon Ice Beast               Ice/Summoning                4
   d - Summon Mana Viper              Hexes/Summoning              5
   e - Summon Hydra                   Summoning                    7
 y - a book of Frost

   Spells                             Type                      Level
   a - Freeze                         Ice                          1
   b - Throw Frost                    Conjuration/Ice              2
   c - Ozocubu's Armour               Charms/Ice                   3
   d - Throw Icicle                   Conjuration/Ice              4
   e - Summon Ice Beast               Ice/Summoning                4
Miscellaneous
 G - a phantom mirror
Comestibles
 d - 11 bread rations
 j - a slice of pizza
 n - 8 fruits
 H - 4 royal jellies


   Skills:
 - Level 3.1(3.0) Fighting
 - Level 1.0 Armour
 + Level 9.6(9.5) Dodging
 - Level 3.0(2.9) Stealth
 + Level 11.5(11.4) Spellcasting
 - Level 3.0(2.9) Conjurations
 - Level 6.0(5.9) Charms
 + Level 0.2 Summonings
 - Level 4.0(3.9) Transmutations
 - Level 3.1 Ice Magic
 + Level 9.2(9.1) Earth Magic


You had 13 spell levels left.
You knew the following spells:

 Your Spells              Type           Power        Failure   Level  Hunger
a - Sandblast             Erth           ######       1%          1    None
b - Passwall              Tmut/Erth      #####.....   1%          2    None
c - Stone Arrow           Conj/Erth      #####.       1%          3    None
d - Petrify               Tmut/Erth      #####...     10%         4    #......
e - Lee's Rapid Deconstr  Erth           ######....   2%          5    ####...
f - Flame Tongue          Conj/Fire      ###..        2%          1    None
g - Ozocubu's Armour      Chrm/Ice       ####....     6%          3    None
h - Summon Butterflies    Summ           ##......     10%         1    None


Dungeon Overview and Level Annotations

Branches:
Dungeon (11/15)            Temple (1/1) D:7            Lair (0/6) D:11
    Orc (0/2) D:11

Altars:
Ashenzari
Cheibriados
Elyvilon
Fedhas
Hepliaklqana
Okawaru
Qazlal
Sif Muna
Trog
Vehumet
Yredelemnul


Innate Abilities, Weirdness & Mutations

You are very small and have problems with some larger weapons.
You are too small for most types of armour.
You have supernaturally acute eyesight. (SInv)
You are a herbivore.
You cover ground extremely quickly.
You need consume almost no food.


Message History

You kill the wolf!
Vehumet accepts your kill.
You feel your power returning.
You start resting.
You are feeling hungry.
You start resting.
Magic restored.
You see here a polar bear corpse.
Okay, then.
Put on which piece of jewellery? (? for menu, Esc to quit)
Okay, then.
Found a scroll of immolation.
You see here a scroll of immolation.
F - a scroll of immolation
Found a runed spear.
You are engulfed in freezing vapours.
You are engulfed in freezing vapours.
* * * LOW HITPOINT WARNING * * *
You are engulfed in freezing vapours.
You die...

# §#
####§§#..
##@§§≈§§#
##§§§§§##)#
#§§##§##
#§## ###
#.####.##
#..#....#
##......##
#...###..##
##.##
##..##


There were no monsters in sight!

Vanquished Creatures
  An obsidian statue (D:10)
  2 hill giants
  2 centaur skeletons
  Psyche (D:9)
  A gargoyle (D:10)
  A troll (D:10)
  2 polar bears (IceCv)
  A two-headed ogre (D:10)
  Grinder (D:3)
  A hornet (D:10)
  A hippogriff (D:10)
  A spriggan (D:10)
  A wyvern (D:9)
  Grum (D:9)
  A human (D:10)
  Menkaure (D:5)
  An orc warrior (D:9)
  3 ice beasts
  A sky beast (D:8)
  2 black bears
  2 phantoms
  6 wolves
  5 ogres
  3 centaurs
  3 bullfrogs
  A wyvern skeleton (D:10)
  5 scorpions
  A water moccasin skeleton (D:8)
  8 killer bees
  5 wights
  6 howler monkeys
  7 crimson imps
  A quasit (D:10)
  5 hounds
  3 orc priests
  3 bullfrog skeletons
  A jelly (D:5)
  3 worker ants
  Terence (D:2)
  4 iguanas
  7 orc wizards
  A hound zombie (D:9)
  A hound skeleton (D:7)
  4 mummies
  Robin (D:2)
  A worker ant zombie (D:6)
  7 adders
  5 gnolls
  2 shadow imps
  9 white imps (D:11)
  An ooze (D:3)
  3 adder zombies (Ossuary)
  3 worms
  A dart slug (D:3)
  2 leopard geckos
  23 orcs
  3 ball pythons
  6 bats
  7 giant cockroaches
  12 goblins
  6 hobgoblins
  9 jackals
  3 quokkas
  4 frilled lizards
  4 goblin zombies
  6 hobgoblin zombies (Ossuary)
  5 kobolds
  3 kobold zombies
  A leopard gecko zombie (D:5)
  A quokka skeleton (D:5)
  2 quokka zombies (Ossuary)
  6 rats
  2 rat zombies (Ossuary)
250 creatures vanquished.

Vanquished Creatures (others)
  A wolf (IceCv)
1 creature vanquished.

Grand Total: 251 creatures vanquished

Notes
Turn   | Place    | Note
-------+----------+-------------------------------------------
     0 | D:1      | Reinor the Spriggan Earth Elementalist began the quest for the Orb.
     0 | D:1      | Reached XP level 1. HP: 9/9 MP: 5/5
    95 | D:1      | Reached skill level 3 in Spellcasting
    95 | D:1      | Reached XP level 2. HP: 11/13 MP: 4/7
   907 | D:1      | Learned a level 2 spell: Passwall
   944 | D:1      | Reached XP level 3. HP: 16/16 MP: 0/8
  1670 | D:2      | Noticed Robin
  2048 | D:2      | Killed Robin
  2209 | D:2      | Reached XP level 4. HP: 17/21 MP: 2/10
  2400 | D:2      | Noticed Terence
  2642 | D:2      | Killed Terence
  2642 | D:2      | Reached skill level 4 in Spellcasting
  2661 | D:2      | Noticed a black bear
  2673 | D:2      | Killed a black bear
  2673 | D:2      | Reached skill level 5 in Dodging
  2673 | D:2      | Reached XP level 5. HP: 17/24 MP: 3/12
  2781 | D:3      | Found a bloodstained altar of Trog.
  3214 | D:3      | Noticed Grinder
  3230 | D:3      | Killed Grinder
  3230 | D:3      | Reached skill level 5 in Spellcasting
  3230 | D:3      | Reached XP level 6. HP: 28/28 MP: 6/15
  3362 | D:4      | Found a white marble altar of Elyvilon.
  3468 | D:4      | Reached XP level 7. HP: 32/32 MP: 14/16
  3527 | D:4      | Found a deep blue altar of Sif Muna.
  3559 | D:4      | Found a faded altar of an unknown god.
  3559 | D:4      | Found a faded altar of an unknown god.
  3564 | D:4      | Found an iron altar of Okawaru.
  3566 | D:4      | Found a blossoming altar of Fedhas.
  3568 | D:4      | Found a faded altar of an unknown god.
  4018 | D:4      | Reached skill level 6 in Spellcasting
  4018 | D:4      | Reached skill level 5 in Earth Magic
  4301 | D:5      | Entered Level 5 of the Dungeon
  4784 | D:5      | Reached skill level 7 in Spellcasting
  4787 | D:5      | Reached XP level 8. HP: 36/36 MP: 12/19
  4919 | D:5      | Noticed Menkaure
  4925 | D:5      | Killed Menkaure
  4932 | D:5      | Learned a level 3 spell: Stone Arrow
  4937 | D:5      | Learned a level 4 spell: Petrify
  4943 | D:5      | Learned a level 5 spell: Lee's Rapid Deconstruction
  5567 | D:6      | Found a sand-covered staircase.
  5705 | Ossuary  | Entered an ossuary
  5998 | Ossuary  | Reached skill level 1 in Conjurations
  6785 | D:6      | Identified a scroll of acquirement
  6995 | D:7      | Found a staircase to the Ecumenical Temple.
  7002 | Temple   | Entered the Ecumenical Temple
  7023 | Temple   | Became a worshipper of Vehumet
  7043 | D:7      | Found a radiant altar of Vehumet.
  7103 | D:7      | Reached skill level 8 in Spellcasting
  7505 | D:8      | Found a stormy altar of Qazlal.
  7563 | D:8      | Reached XP level 9. HP: 40/40 MP: 17/22
  7583 | D:8      | Reached skill level 1 in Fighting
  7880 | D:8      | Reached * piety under Vehumet
  7880 | D:8      | Offered knowledge of Flame Tongue by Vehumet.
  7889 | D:8      | Learned a level 1 spell: Flame Tongue
  7947 | D:8      | Learned a level 3 spell: Ozocubu's Armour
  8070 | D:8      | Reached skill level 9 in Spellcasting
  8254 | D:8      | Got a steaming dagger
  8672 | D:9      | Noticed Psyche
  8684 | D:9      | Killed Psyche
  8886 | D:9      | Reached skill level 1 in Charms
  9437 | D:9      | Reached skill level 1 in Ice Magic
  9462 | D:9      | Noticed Grum
  9647 | D:9      | Reached skill level 10 in Spellcasting
  9655 | D:9      | Offered knowledge of Sting by Vehumet.
  9655 | D:9      | Reached XP level 10. HP: 49/49 MP: 1/25
  9802 | D:9      | Reached ** piety under Vehumet
 10378 | D:10     | Entered Level 10 of the Dungeon
 10470 | D:9      | Noticed a hill giant
 10493 | D:9      | Killed a hill giant
 10767 | D:9      | Killed Grum
 10767 | D:9      | Reached skill level 5 in Charms
 11067 | D:10     | Noticed a hill giant
 11086 | D:10     | Killed a hill giant
 11261 | D:10     | Noticed an obsidian statue
 11295 | D:10     | Noticed a gargoyle
 11301 | D:10     | Killed a gargoyle
 11500 | D:10     | Reached skill level 1 in Armour
 11500 | D:10     | Reached skill level 11 in Spellcasting
 11746 | D:10     | Offered knowledge of Dazzling Spray by Vehumet.
 11959 | D:10     | Reached *** piety under Vehumet
 11962 | D:10     | Reached XP level 11. HP: 51/52 MP: 8/27
 12108 | D:10     | Learned a level 1 spell: Summon Butterflies
 12248 | D:10     | Killed an obsidian statue
 12382 | D:11     | Found a frozen archway.
 12403 | D:11     | Offered knowledge of Ignite Poison by Vehumet.
 12438 | IceCv    | Entered an ice cave
 12799 | IceCv    | Engulfed by a cloud of freezing vapour

Skill      XL: |  1  2  3  4  5  6  7  8  9 10 11 |
---------------+----------------------------------+-----
Spellcasting   | 3 4 5 7 8 10 11 | 11.5
Dodging        | 4 5 6 7 8 9 |  9.6
Earth Magic    | 3 4 5 6 7 9 |  9.2
Transmutations | 4 |  4.0
Conjurations   | 2 3 |  3.0
Fighting       | 3 |  3.1
Charms         | 3 6 |  6.0
Ice Magic      | 1 3 |  3.1
Armour         | 1 |  1.0
Stealth        | |  3.0
Summonings     | |  0.2

Action                   |  1- 3 |  4- 6 |  7- 9 | 10-12 || total
-------------------------+-------+-------+-------+-------++-------
Melee: Unarmed           |    14 |    13 |       |       ||    27
 Fire: Blowgun           |       |     5 |     8 |       ||    13
 Cast: Sandblast         |    89 |    67 |   310 |    52 ||   518
       Stone Arrow       |       |       |    37 |   112 ||   149
       Petrify           |       |       |     1 |       ||     1
       Lee's Rapid Decon |       |       |       |     3 ||     3
  Use: Scroll            |     2 |     8 |    12 |     7 ||    29
  Eat: Pizza             |       |       |     3 |     2 ||     5
Armor: Robe              |    10 |     8 |     9 |     3 ||    30
       Troll leather arm |       |       |       |     2 ||     2
Dodge: Dodged            |    84 |    40 |   186 |    72 ||   382
